 Dungeon Crawl Stone Soup version 0.14-a0-519-g334afa2 (webtiles) character file.

7567 PolkaDot the Cloud Mage (level 10, -5/61 HPs)
             Began as a Vampire Wizard on Nov 2, 2013.
             Was the Champion of Sif Muna.
             Slain by an orc priest
             ... wielding a +1,+1 orcish war axe
              (9 damage)
             ... on Level 9 of the Dungeon.
             The game lasted 01:08:10 (10552 turns).

PolkaDot the Cloud Mage (Vampire Wizard)           Turns: 10552, Time: 01:08:10

HP  -5/61        AC  4     Str  7      XL: 10   Next: 84%
MP   3/20        EV 12     Int 27      God: Sif Muna [******]
Gold 494         SH  0     Dex 12      Spells:  6 memorised,  2 levels left

Res.Fire  : + . .   See Invis. : +   u - -1,+1 orc falchion (elec)
Res.Cold  : + + .   Warding    : .   a - +0 robe (curse)
Life Prot.: + + +   Conserve   : .   (no shield)
Res.Poison: +       Res.Corr.  : .   b - +0 wizard hat
Res.Elec. : .       Clarity    : .   d - +1 cloak
Sust.Abil.: . .     Spirit.Shd : .   (no gloves)
Res.Mut.  : .       Stasis     : .   (no boots)
Res.Rott. : +       Flight     : .   (no amulet)
Saprovore : . . .                    h - ring of poison resistance
                                     f - ring of protection from fire

@: regenerating slowly, brilliant, somewhat resistant to hostile enchantments,
stealthy
A: bottle blood, fangs 3, see invisible, unbreathing
a: Bat Form, Bottle Blood, Channel Energy, Forget Spell, Renounce Religion


You were on level 9 of the Dungeon.
You worshipped Sif Muna.
Sif Muna was exalted by your worship.
You were near bloodless.

You visited 1 branch of the dungeon, and saw 9 of its levels.

You collected 494 gold pieces.

Inventory:

Hand weapons
 u - a -1,+1 orcish falchion of electrocution (weapon)
Armour
 a - a cursed +0 robe (worn)
 b - a +0 wizard hat (worn)
 d - a +1 cloak (worn)
Magical devices
 j - a wand of lightning (3) {unknown}
 x - a wand of hasting (6) {unknown}
Scrolls
 k - 2 scrolls of teleportation
 m - 2 scrolls of noise
 o - 4 scrolls of remove curse {unknown}
 v - a scroll of enchant weapon I
Jewellery
 f - a ring of protection from fire (left hand)
 h - a ring of poison resistance (right hand)
Potions
 e - a potion of paralysis {unknown}
 g - a potion of magic {unknown}
 i - a potion of porridge {unknown}
 l - a potion of poison {unknown}
 p - 2 potions of brilliance
 q - a potion of resistance {unknown}
 s - 2 potions of restore abilities
 t - a potion of mutation {unknown}
Books
 c - a book of Minor Magic

   Spells                             Type                      Level
   *Magic Dart                        Conjuration                  1
   *Blink                             Translocation                2
   Call Imp                           Summoning                    2
   *Repel Missiles                    Charms/Air                   2
   Slow                               Hexes                        2
   *Conjure Flame                     Conjuration/Fire             3
   *Mephitic Cloud                    Conjuration/Poison/Air       3
 r - a book of Annihilations {highlevel}

   This book is beyond your current level of understanding.

   Spells                             Type                      Level
   Poison Arrow                       Conjuration/Poison           6
   Orb of Destruction                 Conjuration                  7
   Chain Lightning                    Conjuration/Air              8
   Lehudib's Crystal Spear            Conjuration/Earth            8
   Ice Storm                          Conjuration/Ice              9
   Fire Storm                         Conjuration/Fire             9
 w - Sif Muna's Grimoire of Feathery Talismans
   (Sif Muna gifted it to you on level 8 of the Dungeon)

   Spells                             Type                      Level
   *Repel Missiles                    Charms/Air                   2
   *Swiftness                         Charms/Air                   2
   Sure Blade                         Hexes/Charms                 2
   Regeneration                       Charms/Necromancy            3
   Excruciating Wounds                Charms/Necromancy            5
   Poisonous Cloud                    Conjuration/Poison/Air       6


   Skills:
 - Level 2.1 Dodging
 - Level 3.0 Stealth
 - Level 3.0 Spellcasting
 - Level 7.0 Conjurations
 * Level 6.5 Charms
   Level 1.0 Summonings
 - Level 2.3 Translocations
 * Level 11.6 Air Magic
 + Level 2.6 Poison Magic


You had 2 spell levels left.
You knew the following spells:

 Your Spells              Type           Power        Failure   Level  Hunger
a - Magic Dart            Conj           ####         1%          1    None
d - Mephitic Cloud        Conj/Pois/Air  ######..     1%          3    ###....
e - Swiftness             Chrm/Air       ######....   1%          2    #......
q - Blink                 Tloc           N/A          1%          2    #......
s - Conjure Flame         Conj/Fire      #####...     1%          3    ###....
w - Repel Missiles        Chrm/Air       ######....   1%          2    #......


Dungeon Overview and Level Annotations

Branches:
Dungeon (9/27)               Lair (0/8) D:8
 Temple: D:4-7          Orc: D:6-11

Altars:
Elyvilon
Fedhas
Sif Muna
Vehumet

Shops:
D:5 [

Annotations:
D:4 Zurvan's ghost, average LOFi


Innate Abilities, Weirdness & Mutations

You heal slowly.
You can bottle blood from corpses.
You have razor-sharp teeth.*
You have supernaturally acute eyesight.
You can survive without breathing.*


Message History

Drink which item? (? for menu, Esc to quit)
Okay, then.
Unknown command.
Drink which item? (? for menu, Esc to quit)
You feel refreshed.
It was a potion of restore abilities.
The orc priest closely misses you.
Drink which item? (? for menu, Esc to quit)
You feel better.
It was a potion of curing.
Drink which item? (? for menu, Esc to quit)
You feel better.
The orc priest hits you with an orcish war axe!
* * * LOW HITPOINT WARNING * * *
Casting: Mephitic Cloud
Confirm with . or Enter, or press ? or * to list all spells.
You don't have enough magic to cast that spell.
Use which ability? (? or * to list)
You channel some magical energy.
You feel almost devoid of blood!
The orc priest hits you with an orcish war axe!
You die...

.....#...............###....
.....##...............#......
..................(..........
....................#.#.#...#
........[........)......##.
.......)...##............(.
......##.#.#........#.......
.....#####%.........###.#..
......##.....##.@o)## ##.
##################(# ##. #)#
...#...#o# .......)ยง#
......%..# ..o.)..## o.#...#
. ##.#


You could see an orc priest.

Vanquished Creatures
  An unseen horror (D:7)
  The ghost of casual the Grappler, an experienced TrTm of Cheibriados (D:7)
  4 yaks (D:8)
  A wyvern (D:9)
  2 basilisks (D:8)
  A hungry ghost (D:9)
  A hippogriff (D:9)
  Edmund (D:8)
  A soldier ant (D:8)
  6 necrophages
  4 orc warriors
  2 ice beasts
  3 sky beasts
  A yellow wasp (D:8)
  3 ogres
  6 porcupines (D:8)
  A phantom (D:5)
  2 slaves (D:4)
  4 centaurs
  2 rotting devils (D:8)
  A crocodile (D:8)
  2 giant frogs
  2 agate snails (D:8)
  5 killer bees (D:8)
  5 crimson imps
  3 goliath beetles
  A hippogriff skeleton (D:6)
  2 hounds
  2 orc priests
  3 jellies
  A black bear zombie (D:8)
  3 scorpions
  Crazy Yiuf (D:2)
  3 worker ants
  A centaur zombie (D:7)
  4 orc wizards
  An ogre zombie (D:8)
  2 hound skeletons
  9 adders
  4 green rats (D:8)
  A worm zombie (D:6)
  5 worms
  2 giant mites
  An adder skeleton (D:5)
  2 iguana skeletons
  A scorpion zombie (D:5)
  4 giant geckos
  51 orcs
  A ball python (D:5)
  11 bats
  7 giant cockroaches
  10 goblins
  15 hobgoblins
  6 quokkas
  13 giant newts
  A hobgoblin skeleton (D:7)
  13 jackals
  13 kobolds
  8 rats
  A rat zombie (D:6)
268 creatures vanquished.

Vanquished Creatures (collateral kills)
  A porcupine (D:8)
1 creature vanquished.

Vanquished Creatures (others)
  An orc warrior (D:9)
  A brain worm (D:8)
  An orc (D:9)
  A rat (D:8)
  A plant (D:8)
5 creatures vanquished.

Grand Total: 274 creatures vanquished

Notes
Turn   | Place    | Note
--------------------------------------------------------------
     0 | D:1      | PolkaDot, the Vampire Wizard, began the quest for the Orb.
     0 | D:1      | Reached XP level 1. HP: 11/11 MP: 6/6
   118 | D:1      | Reached skill level 1 in Conjurations
   330 | D:1      | Reached XP level 2. HP: 17/17 MP: 2/8
  1179 | D:1      | Reached XP level 3. HP: 20/22 MP: 10/10
  1592 | D:2      | Found a deep blue altar of Sif Muna.
  1602 | D:2      | Became a worshipper of Sif Muna the Loreminder
  1720 | D:2      | Reached XP level 4. HP: 8/28 MP: 8/12
  1985 | D:2      | Learned a level 3 spell: Conjure Flame
  1989 | D:2      | Learned a level 3 spell: Mephitic Cloud
  1990 | D:2      | Noticed Crazy Yiuf
  2001 | D:2      | Killed Crazy Yiuf
  2403 | D:3      | Found a radiant altar of Vehumet.
  2727 | D:3      | Reached XP level 5. HP: 33/33 MP: 11/13
  3126 | D:4      | Noticed a slave
  3135 | D:4      | Reached skill level 4 in Conjurations
  3142 | D:4      | Killed a slave
  3270 | D:4      | Noticed a slave
  3288 | D:4      | Killed a slave
  3290 | D:4      | Noticed Zurvan's ghost (average LOFi)
  3373 | D:5      | Entered Level 5 of the Dungeon
  3417 | D:5      | Noticed a centaur
  3436 | D:5      | Killed a centaur
  3436 | D:5      | Acquired Sif Muna's first power
  3436 | D:5      | Reached XP level 6. HP: 20/39 MP: 2/15
  3528 | D:5      | Noticed a centaur
  3543 | D:5      | Killed a centaur
  3543 | D:5      | Reached skill level 5 in Conjurations
  3648 | D:5      | Noticed a centaur
  3665 | D:5      | Noticed a sky beast
  3689 | D:5      | Killed a sky beast
  3689 | D:5      | Reached XP level 7. HP: 24/44 MP: 13/17
  3785 | D:5      | Killed a centaur
  3785 | D:5      | Reached skill level 6 in Conjurations
  3840 | D:5      | Found Agoseach's Armour Boutique.
  3991 | D:5      | Acquired Sif Muna's second power
  4015 | D:5      | Noticed an ogre
  4042 | D:5      | Killed an ogre
  4523 | D:6      | Reached XP level 8. HP: 9/50 MP: 16/18
  5045 | D:6      | Found a blossoming altar of Fedhas.
  5192 | D:6      | Reached skill level 5 in Air Magic
  5261 | D:6      | Found a white marble altar of Elyvilon.
  5883 | D:7      | Noticed casual's ghost (experienced TrTm)
  6244 | D:7      | Killed casual's ghost
  6244 | D:7      | Reached skill level 8 in Air Magic
  6244 | D:7      | Reached XP level 9. HP: 24/55 MP: 15/19
  6390 | D:7      | Noticed an unseen horror
  6502 | D:7      | Killed an unseen horror
  6502 | D:7      | Acquired Sif Muna's third power
  6502 | D:7      | Reached skill level 9 in Air Magic
  6506 | D:7      | Learned a level 2 spell: Repel Missiles
  6509 | D:7      | Learned a level 2 spell: Blink
  7212 | D:8      | Reached skill level 10 in Air Magic
  7879 | D:8      | Reached skill level 11 in Air Magic
  7879 | D:8      | Reached XP level 10. HP: 58/61 MP: 8/20
  7967 | D:8      | Reached skill level 1 in Translocations
  7992 | D:8      | Reached skill level 1 in Charms
  8470 | D:8      | Noticed Edmund
  8511 | D:8      | Killed Edmund
  8968 | D:8      | Received a gift from Sif Muna
  8969 | D:8      | Identified Sif Muna's Grimoire of Feathery Talismans (Sif Muna gifted it to you on level 8 of the Dungeon)
  8975 | D:8      | Learned a level 2 spell: Swiftness
  9058 | D:8      | Reached skill level 5 in Charms
  9140 | D:8      | Reached skill level 1 in Poison Magic
  9200 | D:8      | Found a staircase to the Lair.
  9682 | D:9      | Noticed a hill giant
 10545 | D:9      | HP: 3/61 [orc priest/nerve-wracking pain (7)]
 10551 | D:9      | HP: 3/61 [orc priest/orcish war axe (8)]
 10552 | D:9      | Slain by an orc priest

Action                   |  1- 3 |  4- 6 |  7- 9 | 10-12 || total
-------------------------+-------+-------+-------+-------++-------
Melee: Unarmed           |     1 |       |       |       ||     1
       Dagger            |   159 |     3 |       |       ||   162
       Short sword       |       |    89 |    37 |       ||   126
       Falchion          |       |       |    73 |    51 ||   124
 Cast: Magic Dart        |    50 |    99 |   264 |   246 ||   659
       Mephitic Cloud    |       |     9 |    21 |    33 ||    63
       Conjure Flame     |       |     4 |    61 |    40 ||   105
       Blink             |       |       |     1 |     3 ||     4
       Swiftness         |       |       |       |     2 ||     2
Invok: Channel Energy    |       |    13 |   111 |   149 ||   273
  Use: Potion            |       |     1 |     2 |     5 ||     8
       Scroll            |       |     9 |     3 |     5 ||    17
 Stab: Sleeping          |     6 |     3 |     4 |     1 ||    14
       Confused          |       |     6 |     5 |     5 ||    16
